 Dungeon Crawl Stone Soup version 0.30-b1-2-g02819fbbbe (webtiles) character file.

Game seed: 1081973460030182038

78 Arum the Shield-Bearer (level 4, -1/37 HPs)
             Began as a Formicid Fighter on May 12, 2023.
             Slain by Crazy Yiuf
             ... wielding a +2 quarterstaff of chaos
              (7 damage)
             ... on level 2 of the Dungeon.
             The game lasted 00:01:51 (1162 turns).

Arum the Shield-Bearer (Formicid Fighter)           Turns: 1162, Time: 00:01:52

Health: -1/37      AC: 13    Str: 23    XL:     4   Next: 61%
Magic:  4/4        EV:  9    Int:  7    God:
Gold:   107        SH:  5    Dex: 13    Spells: 3/3 levels left

rFire   . . .        a - +0 flail
rCold   . . .        c - +0 buckler
rNeg    . . .        r - +2 scale mail {rPois}
rPois   +            (helmet unavailable)
rElec   .            (no cloak)
rCorr   .            i - +2 pair of gloves
SInv    +            g - +0 pair of boots
Will    .....        (no amulet) Stlth
                     (no ring)
HPRegen 0.26/turn    (no ring)
MPRegen 0.09/turn

%: no passive effects
@: no status effects
A: permanent stasis, dig shafts and tunnels, antennae 3, four strong arms
a: Dig, Shaft Self


You were on level 2 of the Dungeon.
You visited 1 branch of the dungeon, and saw 2 of its levels.

You collected 107 gold pieces.

Inventory:

Hand Weapons
 a - a +0 flail (weapon)
Armour
 c - a +0 buckler (worn)
 g - a +0 pair of boots (worn)
 i - a +2 pair of gloves (worn)
 r - a +2 scale mail of poison resistance (worn)
Wands
 q - a wand of polymorph (3)
Scrolls
 e - 8 scrolls of identify {unknown}
 f - 3 scrolls of blinking {unknown}
 h - 2 scrolls of fog {unknown}
 j - a scroll of noise {unknown}
 l - a scroll of teleportation {unknown}
 n - 2 scrolls of immolation {unknown}
Potions
 b - a potion of attraction {unknown}
 d - a potion of might
 k - a potion of mutation {unknown}
 m - a potion of berserk rage
 o - 2 potions of degeneration {unknown}
 p - a potion of curing {unknown}
 s - a potion of heal wounds {unknown}


   Skills:
 + Level 4.1 Fighting
 + Level 2.7 Maces & Flails
 + Level 3.8 Armour
 + Level 0.7 Dodging
 + Level 4.5 Shields


You had 3 spell levels left.
You didn't know any spells.
Your spell library was empty.

Dungeon Overview and Level Annotations

Branches:
Dungeon (2/15)

Altars:
Xom

Annotations:
D:2 Crazy Yiuf


Innate Abilities, Weirdness & Mutations

You cannot be hasted, slowed, berserked, paralysed or teleported.
You can dig through walls and to a lower floor.
You have a pair of large antennae on your head. (SInv)
Your four strong arms can wield two-handed weapons with a shield.


Message History

f - 3 scrolls labelled ZATAVVE QYAST (gained 1)
h - 2 scrolls labelled OLISOA XU UTTIS (gained 1)
You see here 6 stones.
There is a stone staircase leading down here.
You open the door.
b - a pink potion
s - an emerald potion You open the door.
Found a faded altar of an unknown god.
There is an open door here.
Found a hammer.
Found a runed translucent door.
Crazy Yiuf shouts!
Crazy Yiuf says, "Trifle!
Snoogle bag noodlescoop."
You open the door. You barely miss Crazy Yiuf. Crazy Yiuf barely misses you.
You hit Crazy Yiuf.
Crazy Yiuf is lightly wounded.
Crazy Yiuf whimpers, "Hah sanguine foot!"
Crazy Yiuf hits you with a +2 quarterstaff of chaos.
You resist with some effort.
You completely miss Crazy Yiuf.
Crazy Yiuf is lightly wounded.
Crazy Yiuf drinks a potion.
Crazy Yiuf goes berserk!
Crazy Yiuf closely misses you.
You barely miss Crazy Yiuf.
Crazy Yiuf is lightly wounded.
Crazy Yiuf completely misses you. You block Crazy Yiuf's attack.
You closely miss Crazy Yiuf.
Crazy Yiuf is lightly wounded.
Crazy Yiuf hits you with a +2 quarterstaff of chaos!
Crazy Yiuf freezes you.
Crazy Yiuf hits you with a +2 quarterstaff of chaos!
* * * LOW HITPOINT WARNING * * *
Crazy Yiuf burns you.
* * * LOW HITPOINT WARNING * * *
Unknown command.
You closely miss Crazy Yiuf.
Crazy Yiuf is lightly wounded.
Crazy Yiuf hits you with a +2 quarterstaff of chaos!
You die...

.#......##.# ##.#
.#......##[#
#.####
.#.........#
#....#
.........###
####.# ......#..#
#.## ......#..#
#..# ......####
### ♣♣###.#
...#### #)..#♣♣
♣♣P.#..# ####
#...g@♣♣♣♣P.....#
#...#♣..♣..P...##
### ♣♣♣.♣.P.###
♣♣♣♣♣##


You could see Crazy Yiuf (berserk).

Vanquished Creatures
  An adder (D:2)
  A gnoll (D:1)
  A worm (D:2)
  A dart slug (D:2)
  6 bats
  7 endoplasms
  A giant cockroach (D:1)
  7 goblins
  4 hobgoblins
  4 jackals (D:2)
  A quokka (D:2)
  5 ball pythons
  A frilled lizard (D:2)
  3 kobolds
  6 rats
49 creatures vanquished.

Notes
Turn   | Place    | Note
-------+----------+-------------------------------------------
     0 | D:1      | Arum the Formicid Fighter began the quest for the Orb.
     0 | D:1      | Reached XP level 1. HP: 18/18 MP: 1/1
    65 | D:1      | Reached XP level 2. HP: 16/24 MP: 2/2
   201 | D:1      | Reached XP level 3. HP: 30/30 MP: 3/3
   609 | D:2      | Reached XP level 4. HP: 36/37 MP: 4/4
   766 | D:2      | Found a shimmering altar of Xom.
  1112 | D:2      | Found a faded altar of an unknown god.
  1152 | D:2      | Found a runed translucent door.
  1153 | D:2      | Noticed Crazy Yiuf
  1162 | D:2      | Slain by Crazy Yiuf

Illustrated notes

Levels and vault maps discovered:
D:1:      minmay_arrival_semitransparent, layout_basic
D:2:      layout_basic, shapermc_ecumenical_altar_mp_vishouse, basic_altar,
          uniq_crazy_yiuf_cottage

Skill      XL: |  1  2  3 |
---------------+----------+-----
Fighting       | 4 |  4.1
Maces & Flails | |  2.7
Armour         | |  3.8
Dodging        | |  0.7
Shields        | |  4.5

Action                     |  1- 3 |  4- 6 || total
---------------------------+-------+-------++-------
  Melee: Flail             |    85 |    66 ||   151
 Armour: Scale mail        |    40 |    43 ||    83
  Dodge: Dodged            |    36 |    60 ||    96
  Block: Buckler           |    20 |    28 ||    48
